 Dungeon Crawl Stone Soup version 0.31-a0-4-gefa6de2278 (webtiles) character file.

Game seed: 299294295090654680

2662 Esekla the Covert (level 9, -15/61 HPs)
             Began as an Octopode Delver on May 3, 2023.
             Was an Initiate of Gozag.
             Killed from afar by Erica (29 damage)
             ... with a lance of force
             ... on level 8 of the Dungeon.
             The game lasted 00:40:03 (7733 turns).

Esekla the Covert (Octopode Delver)                 Turns: 7733, Time: 00:40:03

Health: -15/61     AC:  1    Str: 11    XL:     9   Next: 63%
Magic:  14/14      EV: 13    Int: 17    God:    Gozag
Gold:   1198       SH:  6    Dex: 21    Spells: 13/15 levels left

rFire   . . .        a - +6 rapier of Satyriasis {flame, Dex+2}
rCold   . . .        l - +0 buckler
rNeg    . . .        (helmet restricted)
rPois   .            (no amulet)
rElec   .            m - +6 ring of dexterity
rCorr   .            (no ring)
SInv    .            (no ring)
Will    .....        (no ring)
Stlth   ++++++       (no ring)
HPRegen 0.30/turn    (no ring)
MPRegen 0.14/turn    (no ring)
                     (no ring)

%: no passive effects
@: lethally poisoned (-15 -> -21)
A: almost no armour, amphibious, 8 rings, camouflage 1, gelatinous body 1,
(nimble swimmer 1), tentacles
a: Renounce Religion, Potion Petition, Call Merchant, Bribe Branch


You were on level 8 of the Dungeon.
You worshipped Gozag.
Gozag was most pleased with you.
You visited 2 branches of the dungeon, and saw 9 of its levels.
You also visited: Ossuary.

You collected 1614 gold pieces.
You spent 398 gold pieces at shops.
You paid 18 gold pieces to Gozag.

Inventory:

Hand Weapons
 a - the +6 rapier of Satyriasis (weapon) {flame, Dex+2}
   (You took it off an orc on level 3 of the Dungeon)

   Dex:       It affects your dexterity (+2).
 c - a +0 long sword
 r - a +0 trident
 s - a +0 dagger
Missiles
 g - 13 poisoned darts (quivered)
 B - 2 javelins
 C - 5 curare-tipped darts
 I - 2 boomerangs
Armour
 l - a +0 buckler (worn)
Jewellery
 m - a +6 ring of dexterity (left tentacle)
 H - a +6 ring of strength
 L - a +5 ring of evasion
 M - a ring of fire
Wands
 f - a wand of digging (3)
 j - a wand of light (18)
 E - a wand of mindburst (11)
 G - a wand of roots (11)
 N - a wand of flame (10)
Scrolls
 b - 5 scrolls of fog
 d - 3 scrolls of fear
 h - a scroll of magic mapping
 i - 3 scrolls of noise {unknown}
 n - 10 scrolls of identify
 o - 8 scrolls of teleportation
 q - a scroll of silence {unknown}
 v - 2 scrolls of blinking {unknown}
 x - 3 scrolls of immolation {unknown}
 y - 4 scrolls of poison {unknown}
 A - a scroll of torment {unknown}
 D - a scroll of amnesia {unknown}
Potions
 e - 2 potions of haste
 k - 2 potions of curing
 p - a potion of cancellation
 t - 3 potions of might
 u - 2 potions of lignification
 w - 3 potions of mutation
 z - a potion of ambrosia
 F - a potion of invisibility
 J - a potion of brilliance
 K - 2 potions of attraction


   Skills:
 * Level 5.5 Fighting
 + Level 4.8(6.1) Short Blades
 * Level 5.7(6.6) Long Blades
 + Level 0.3 Throwing
 - Level 2.0 Dodging
 + Level 11.1 Stealth
 + Level 3.9 Shields
 * Level 3.8 Spellcasting
 * Level 0.2 Conjurations
 * Level 2.5 Transmutations
 * Level 0.2 Ice Magic
 * Level 0.2 Air Magic


You had 13 spell levels left.
You knew the following spells:

 Your Spells              Type           Power      Damage    Failure   Level
w - Wereblood             Tmut           11%        N/A       12%         2

Your spell library contained the following spells:

 Spells                   Type           Power      Damage    Failure   Level
 Summon Small Mammal      Summ           12%        N/A       22%         1
 Cigotuvi's Dreadful Rot  Necr/Pois/Air  6%         N/A       32%         2
 Sublimation of Blood     Necr           3%         N/A       34%         2
 Ignite Poison            Fire/Tmut/Pois 6%         N/A       43%         3
 Call Canine Familiar     Summ           3%         N/A       56%         3
 Summon Guardian Golem    Hex/Summ       3%         N/A       56%         3
 Tukima's Dance           Hex            3%         N/A       56%         3
 Passage of Golubria      Tloc           3%         N/A       92%         4
 Yara's Violent Unravell  Hex/Tmut       3%         3d4       98%         5
 Freezing Cloud           Conj/Ice/Air   2%         6-21      99%         5
 Summon Hydra             Summ           1%         N/A       100%        7


Dungeon Overview and Level Annotations

Branches:
Dungeon (8/15)             Temple (1/1) D:5         Ossuary (visited)
   Lair: D:8-11

Altars:
Ashenzari
Cheibriados
Dithmenos
Elyvilon
Fedhas
Gozag
Hepliaklqana
Kikubaaqudgha
Makhleb
Okawaru
Qazlal
Ru
Sif Muna
Trog
Uskayaw
Vehumet
Wu Jian
Xom
Yredelemnul
Zin
The Shining One

Shops:
D:5 [((?[**   D:6 *   D:7 [

Annotations:
D:6 2 runed translucent doors, geeko55's ghost, novice TrFi
D:7 3 runed translucent doors, meatpath's ghost, novice TrMo
D:8 Erica


Innate Abilities, Weirdness & Mutations

You cannot wear most types of armour.
You are amphibious.
You can wear up to eight rings at the same time.
Your skin changes colour to match your surroundings (Stealth+).
Your rubbery body absorbs attacks. (AC +1, EV +1)
((You are camouflaged when in or above water. (Stealth+)))
You have tentacles for arms and can constrict up to eight enemies at once.


Message History

You impale Erica!! You burn Erica! Your grab misses Erica.
Your squeeze misses Erica.
Erica is severely wounded.
Erica gestures at you while chanting. The lance of force hits you!
You are knocked back by the lance of force.
Throw: 15 darts (poison)
Press: ? - help, Q - select action, (/) - cycle Shift-Dir - straight line, f - Erica
Aim: Erica, wielding a +3 scimitar of flaming, wearing a +0 leather armour and wearing a +4 ring of protection (severely wounded, 61% to hit)
You throw a poisoned dart. The poisoned dart hits Erica.
Erica is severely wounded.
Throw: 14 darts (poison)
Press: ? - help, Q - select action, (/) - cycle Shift-Dir - straight line, f/p - Erica
Aim: Erica, wielding a +3 scimitar of flaming, wearing a +0 leather armour and wearing a +4 ring of protection (severely wounded, 61% to hit)
You throw a poisoned dart. The poisoned dart hits Erica.
Erica is severely wounded.
Erica casts a spell at you. You resist with significant effort.
Aiming: Bolt of Light
Press: ? - help, Shift-Dir - straight line, f/p - Erica
Aim: Erica, wielding a +3 scimitar of flaming, wearing a +0 leather armour and wearing a +4 ring of protection (severely wounded, 68% to hit)
The bolt of light hits Erica!
Erica is almost dead.
Erica is blinded.
Erica gestures wildly while chanting.
Erica flickers and vanishes!
Deactivating autopickup; reactivate with Ctrl-A.
You hear some strange, mumbled words.
A bolt of poison appears from out of thin air!
The bolt of poison hits you!!
You are poisoned.
You feel very sick.
You feel very sick.
You feel sick.
You feel sick.
You hear some strange, mumbled words.
A lance of force appears from out of thin air!
The lance of force hits you!!
You die...
Your body crumbles into a pile of gold.

##......######.#.####.#.#
........# #.#.# #.#.#
........# #.#.# #.#.#
..####### #.#.# #.#.#
..## #.#.# #.#.# ...###
#.#{####.#.# ##...###
#####.#........#
####...###.....#.####.###
...............#@.....#
..#.#.W.#......#.########
.#...#.#.................
#.....#...#...##.########
#.....#..#....##.# $
#.....###.^.#..#.#
.#...#..#..#...#.#
..#.#...###.......
...#...#. #......


There were no monsters in sight!

Vanquished Creatures
  Sigmund (D:2)
  2 steam dragons
  A water moccasin (D:5)
  2 ice beasts
  A centaur (D:5)
  A phantom (D:4)
  An elf zombie (Ossuary)
  2 kobold brigands
  2 bullfrogs (D:8)
  3 scorpions
  2 wights (D:7)
  A vampire bat (D:3)
  4 howler monkeys
  3 centaur zombies (Ossuary)
  Crazy Yiuf (D:5)
  3 hounds
  2 jellies (D:4)
  3 orc priests
  A gnoll bouda (D:6)
  2 sleepcaps
  3 iguanas
  3 orc wizards
  2 mummies (Ossuary)
  4 gnolls
  8 adders
  2 shadow imps
  2 white imps
  2 adder zombies (Ossuary)
  4 worms
  3 dart slugs
  3 fire bats (D:3)
  14 orcs
  2 spectral bats (D:3)
  7 ball pythons
  12 bats
  3 bat skeletons (D:3)
  A bat zombie (D:3)
  9 endoplasms
  A giant cockroach (D:4)
  7 goblins
  7 hobgoblins
  8 jackals
  5 quokkas
  A bat simulacrum (D:3)
  4 frilled lizards
  A goblin zombie (Ossuary)
  9 hobgoblin zombies (Ossuary)
  14 kobolds
  7 kobold zombies (Ossuary)
  12 orc zombies (Ossuary)
  2 rats (D:1)
  2 rat zombies (Ossuary)
202 creatures vanquished.

Vanquished Creatures (others)
  A plant (D:5)
1 creature vanquished.

Grand Total: 203 creatures vanquished

Notes
Turn   | Place    | Note
-------+----------+-------------------------------------------
     0 | D:5      | Esekla the Octopode Delver began the quest for the Orb.
     0 | D:5      | Reached XP level 1. HP: 16/16 MP: 1/1
    78 | D:5      | Found Neckon's Antique Armour Shoppe.
   148 | D:5      | Found Inickoff's Weapon Emporium.
   149 | D:5      | Found Okimyut's Antique Armour Shoppe.
   153 | D:5      | Found Akkydgh's Weapon Shoppe.
   153 | D:5      | Found Aplim's Assorted Antiques.
   159 | D:5      | Found Ebluckaj's Magic Scroll Emporium.
   159 | D:5      | Found Finesm's General Store.
   162 | D:5      | Noticed a hound
   162 | D:5      | Noticed an orc priest
   630 | D:5      | Reached skill level 7 in Stealth
   630 | D:5      | Reached XP level 2. HP: 21/21 MP: 2/2
   823 | D:5      | Reached XP level 3. HP: 26/26 MP: 2/4
   850 | D:5      | Found a staircase to the Ecumenical Temple.
   865 | Temple   | Entered the Ecumenical Temple
   957 | Temple   | Became a worshipper of Gozag Ym Sagoz the Greedy
   992 | D:5      | Noticed a water moccasin
  1062 | D:2      | Reached skill level 1 in Spellcasting
  1062 | D:2      | Noticed Sigmund
  1201 | D:1      | Reached XP level 4. HP: 24/31 MP: 5/5
  1782 | D:2      | Killed Sigmund
  1783 | D:2      | Reached skill level 8 in Stealth
  1783 | D:2      | Reached skill level 1 in Shields
  1783 | D:2      | Reached XP level 5. HP: 37/37 MP: 5/7
  1783 | D:2      | Reached XP level 6. HP: 43/43 MP: 5/8
  1823 | D:2      | Found a basalt altar of Yredelemnul.
  2175 | D:2      | Found a faded altar of an unknown god.
  2410 | D:3      | Identified the +6 rapier of Satyriasis {flame, Dex+2}
  3018 | D:3      | Reached skill level 1 in Short Blades
  3018 | D:3      | Reached XP level 7. HP: 33/48 MP: 8/10
  3269 | D:3      | Found a snail-covered altar of Cheibriados.
  3570 | D:4      | Found a sacrificial altar of Ru.
  3657 | D:4      | Reached skill level 9 in Stealth
  4095 | D:5      | Found a runed translucent door.
  4096 | D:5      | Noticed Crazy Yiuf
  4105 | D:5      | Killed Crazy Yiuf
  4318 | D:5      | Reached XP level 8. HP: 54/54 MP: 11/11
  4595 | D:6      | Reached skill level 10 in Stealth
  4718 | D:5      | Bought a scorched lead ring for 125 gold pieces
  4718 | D:5      | Identified the ring of Onkafon {*Corrode Fly EV+5 Dex+3}
                  | (You bought it in a shop on level 5 of the Dungeon)
  4723 | D:5      | Bought a coppery potion for 22 gold pieces
  4723 | D:5      | Bought a scroll labelled YGUOSA FEIGIT for 25 gold pieces
  4723 | D:5      | Bought a scroll labelled DUKKYR UWEJAUM for 25 gold pieces
  4723 | D:5      | Bought a scroll labelled SESTRO BIGHOCS for 25 gold pieces
  4741 | D:5      | Bought a scroll of identify for 28 gold pieces
  4741 | D:5      | Bought a scroll of identify for 28 gold pieces
  4741 | D:5      | Bought a scroll of teleportation for 42 gold pieces
  4747 | D:5      | Bought a scroll of identify for 26 gold pieces
  4747 | D:5      | Bought a scroll of identify for 26 gold pieces
  4747 | D:5      | Bought a scroll of identify for 26 gold pieces
  4789 | D:6      | Found a runed translucent door.
  4789 | D:6      | Noticed geeko55's ghost (novice TrFi)
  4820 | D:6      | Found Niwot's General Store.
  4891 | D:6      | Found an ornate altar of the Wu Jian Council.
  5007 | D:6      | Learned a level 2 spell: Wereblood
  5073 | D:6      | Found a runed translucent door.
  5138 | D:6      | Reached skill level 5 in Long Blades
  5375 | D:6      | Found a basalt altar of Yredelemnul.
  5381 | D:6      | Found a broken altar of Ashenzari.
  5385 | D:6      | Found a burning altar of Makhleb.
  5385 | D:6      | Found a blossoming altar of Fedhas.
  5590 | D:6      | Found a glowing silver altar of Zin.
  5703 | D:7      | Found Powitak's Antique Armour Shop.
  5866 | D:7      | Found a sand-covered staircase.
  5870 | Ossuary  | Entered an ossuary
  6053 | Ossuary  | Reached skill level 1 in Transmutations
  6228 | D:7      | Reached skill level 5 in Fighting
  6228 | D:7      | Reached XP level 9. HP: 61/61 MP: 13/13
  6264 | D:7      | Reached skill level 11 in Stealth
  6404 | D:7      | Found a runed translucent gate.
  6404 | D:7      | Found a runed translucent gate.
  6405 | D:7      | Found a runed translucent gate.
  6416 | D:7      | Noticed meatpath's ghost (novice TrMo)
  6964 | D:8      | Noticed Erica
  7069 | D:8      | Found a hide-covered altar of Uskayaw.
  7733 | D:8      | Killed from afar by Erica

Illustrated notes

Levels and vault maps discovered:
D:1:      lemuel_arrival_rhombus, layout_rooms, serial_curves, eino_curves_03,
          eino_curves_03, minmay_misc_feat_four_crosses
D:2:      layout_basic, basic_altar, hellmonk_ecumenical_altar_crossroads,
          minmay_statues_item, uniq_sigmund
D:3:      layout_loops_ring, kennysheep_slug_shrine, dk_noncrumbling_2,
          goddamned_bats
D:4:      layout_loops_ring, nicolae_ru_awakened_eye
D:5:      layout_loops_corners, minmay_temple_entry_offerings, serial_shops,
          nicolae_shop_tiny_glass, serial_bayou_pond_d,
          nicolae_shop_national_dungeon_mall, minmay_misc_feat_secret_circle,
          uniq_crazy_yiuf_cottage
D:6:      layout_loops_ring, mainiacjoe_overflow_alcove_2,
          nicolae_overflow_hallway_of_the_gods, ebering_ghost_sewer_f,
          serial_shops, nicolae_lakefront_shop
D:7:      layout_basic, gammafunk_ghost_necromancy, enter_ossuary_5,
          serial_park_tiny_pond, nicolae_stop_n_shop_2,
          amcnicky_mini_pool_medium
D:8:      layout_basic, nicolae_uskayaw_dance_studio,
          chequers_serial_rivers_micro_e, minmay_splitting_lines, uniq_erica
Temple:   nicolae_temple_godzebo

Skill      XL: |  1  2  3  4  5  6  7  8  9 |
---------------+----------------------------+-----
Stealth        | 7 8 9 10 11 | 11.1
Spellcasting   | 1 2 3 |  3.8
Long Blades    | 3 4 5 |  5.7
Shields        | 1 2 3 |  3.9
Fighting       | 4 5 |  5.5
Short Blades   | 1 2 3 4 |  4.8
Transmutations | 1 2 |  2.5
Throwing       | |  0.3
Dodging        | |  2.0
Conjurations   | |  0.2
Ice Magic      | |  0.2
Air Magic      | |  0.2

Action                     |  1- 3 |  4- 6 |  7- 9 || total
---------------------------+-------+-------+-------++-------
  Melee: Falchion          |    28 |    33 |       ||    61
         Constrict         |     6 |    17 |    43 ||    66
         Tentacles         |     6 |    12 |    37 ||    55
         Dagger            |       |    11 |       ||    11
         Rapier            |       |    29 |   237 ||   266
         Long sword        |       |    12 |       ||    12
         Punch             |       |       |     4 ||     4
  Throw: Dart              |       |     5 |     2 ||     7
   Cast: Wereblood         |       |       |     2 ||     2
  Evoke: Wand              |       |       |     1 ||     1
    Use: Scroll            |     1 |       |     8 ||     9
         Potion            |       |     4 |     6 ||    10
   Stab: Sleeping          |     3 |    18 |    34 ||    55
         Invisible         |       |     3 |       ||     3
         Distracted        |       |       |     6 ||     6
 Armour: Skin              |       |     6 |    11 ||    17
  Dodge: Dodged            |    14 |    39 |    81 ||   134
  Block: Buckler           |       |    15 |    39 ||    54

Table legend: (Time is in decaauts)
 A = Elapsed time spent in this place.
 B = Non-inter-level travel time spent in this place.
 C = Inter-level travel time spent in this place.
 D = Time resting spent in this place.
 E = Time spent auto-exploring this place.
 F = Levels seen in this place.
 G = Mean time per level.
                   A        B        C        D        E       F      G
               +--------+--------+--------+--------+--------+-----+--------+
         Total |   7741 |   7443 |    298 |   1362 |   2178 |  10 |  774.1 |
       Dungeon |   7315 |   7038 |    277 |   1341 |   2105 |   8 |  914.4 |
        Temple |    113 |     92 |     21 |      0 |     73 |   1 |  113.0 |
       Ossuary |    311 |    311 |      0 |     21 |      0 |   1 |  311.0 |
               +--------+--------+--------+--------+--------+-----+--------+

Top non-repeatable levels by time:
     D:5: 1643 daAuts
     D:3: 1256 daAuts
     D:7: 1138 daAuts
     D:6: 904 daAuts
     D:1: 645 daAuts
     D:4: 618 daAuts
     D:8: 569 daAuts
     D:2: 540 daAuts
 Ossuary: 311 daAuts
  Temple: 113 daAuts
